 Dungeon Crawl Stone Soup version 0.26.1-10-gdfb7c7de75 (webtiles) character file.

Game seed: 7505245472611000831

1043 phalm the Ruffian (level 8, -1/68 HPs)
             Began as a Ghoul Warper on Apr 3, 2021.
             Was a Follower of Okawaru.
             Killed from afar by an orc wizard (5 damage)
             ... with a magic dart
             ... on level 6 of the Dungeon.
             The game lasted 00:14:19 (5372 turns).

phalm the Ruffian (Ghoul Warper)                    Turns: 5372, Time: 00:14:20

Health: -1/68      AC: 10    Str: 17    XL:     8   Next: 25%
Magic:  11/11      EV: 12    Int: 12    God:    Okawaru [*.....]
Gold:   349        SH:  0    Dex: 12    Spells: 9/13 levels left

rFire    . . .     SeeInvis .   z - +0 trident "Comymov" {venom, rN+ Int+4 Dex+4} (curse)
rCold    + . .     Faith    .   (no shield)
rNeg     + + +     Spirit   .   a - +0 leather armour
rPois    ∞         Reflect  .   (no helmet)
rElec    .         Harm     .   e - +1 cloak
rCorr    .         Rampage  .   (no gloves)
Will     .....                  g - +0 pair of boots
Stlth    +.........             u - amulet of regeneration
HPRegen  0.00/turn              r - +4 ring of slaying
MPRegen  0.12/turn              h - +4 ring of protection

@: no status effects
A: claws 1, cold resistance 1, negative energy resistance 3, inhibited
regeneration, torment resistance, unbreathing
a: Renounce Religion, Heroism


You were on level 6 of the Dungeon.
You worshipped Okawaru.
Okawaru was aware of your devotion.
You visited 2 branches of the dungeon, and saw 7 of its levels.

You collected 349 gold pieces.

Inventory:

Hand Weapons
 z - the cursed +0 trident "Comymov" (weapon) {venom, rN+ Int+4 Dex+4}
   (You found it on level 6 of the Dungeon)

   It poisons the flesh of those it strikes.
   It affects your intelligence (+4).
   It affects your dexterity (+4).
   It protects you from negative energy.
   It has a curse placed upon it.
Armour
 a - a +0 leather armour (worn)
 e - a +1 cloak (worn)
 g - a +0 pair of boots (worn)
Jewellery
 h - a +4 ring of protection (right claw)
 r - a +4 ring of slaying (left claw)
 t - an uncursed ring of resist corrosion
 u - an amulet of regeneration (around neck)
Wands
 x - a wand of paralysis (10)
Scrolls
 c - a scroll of blinking
 i - 4 scrolls of remove curse
 n - a scroll of amnesia
 s - a scroll of enchant armour
 v - a scroll of magic mapping
 y - 2 scrolls of enchant weapon
Potions
 b - a potion of attraction
 d - 2 potions of heal wounds
 f - a potion of mutation {unknown}
 j - 2 potions of curing {unknown}
 k - 2 potions of brilliance
 l - 2 potions of lignification {unknown}
 m - 4 potions of might
 o - 2 potions of berserk rage {unknown}
 p - a potion of invisibility {unknown}
 w - a potion of degeneration {unknown}


   Skills:
 * Level 5.0 Fighting
 - Level 0.8 Throwing
 + Level 2.6 Armour
 + Level 3.1 Dodging
 * Level 5.1 Unarmed Combat
 - Level 3.0 Spellcasting
 * Level 4.6 Translocations
 + Level 1.7 Air Magic
 + Level 1.1 Invocations


You had 9 spell levels left.
You knew the following spells:

 Your Spells              Type           Power        Failure   Level
a - Blink                 Tloc           N/A          7%          2
b - Swiftness             Air            5%           22%         2

Your spell library contained the following spells:

 Spells                   Type           Power        Failure   Level
 Gell's Gravitas          Tloc           6%           13%         3
 Lesser Beckoning         Tloc           6%           13%         3
 Teleport Other           Tloc           12%          13%         3
 Shock                    Conj/Air       12%          21%         1
 Passage of Golubria      Tloc           N/A          41%         4
 Static Discharge         Conj/Air       3%           52%         3
 Airstrike                Air            2%           82%         4
 Lightning Bolt           Conj/Air       1%           99%         5


Dungeon Overview and Level Annotations

Branches:
Dungeon (6/15)             Temple (1/1) D:4

Altars:
Dithmenos
Elyvilon
Gozag
Kikubaaqudgha
Okawaru
Qazlal
Uskayaw

Annotations:
D:6 Blork the orc, Edmund


Innate Abilities, Weirdness & Mutations

You thrive by killing the living.
You are immune to poison.
You have sharp fingernails.
Your flesh is cold resistant. (rC+)
You are immune to negative energy. (rN+++)
You do not regenerate when monsters are visible.
You are immune to unholy pain and torment.
You can survive without breathing.


Message History

The orc wizard misses you.
There is an open door here.
The orc priest miscasts a cantrip.
The orc wizard points at you and mumbles some strange words.
The puff of flame hits you!
The orc priest begins to cast a cantrip, but forgets the words!
The orc wizard begins to cast a cantrip, but forgets the words!
The orc priest calls down the wrath of Beogh upon you.
Beogh smites you!
The orc wizard gestures at you while chanting.
The puff of frost hits you. You resist. The orc wizard casts a spell at you.
The magic dart hits you!
* * * LOW HITPOINT WARNING * * *
The orc wizard points at you and mumbles some strange words.
The puff of flame hits you!
* * * LOW HITPOINT WARNING * * *
The orc wizard gestures at you while chanting.
The magic dart hits you.
You die...

######.# #........###
.......#####Z...)......
#...o...o@o.........
####...#####.o.........
#......# #...........
##.##.o# #...........
#.....# #########...
###...# #### #..@# #
........########### #
######..#.........######
...................
..............######
................# #
.................# #
#.................# #
#.................#


You could see an orc wizard (fast) and an orc.

Vanquished Creatures
  Eustachio (D:5)
  3 phantoms (D:4)
  A bullfrog (D:6)
  A scorpion (D:4)
  A howler monkey (D:5)
  2 orc priests
  2 orc wizards
  4 worker ants
  A howler monkey skeleton (D:4)
  11 adders
  4 gnolls (D:4)
  An ooze (D:5)
  4 adder skeletons (D:4)
  5 worms
  A dart slug (D:1)
  A leopard gecko (D:1)
  12 orcs
  2 ball pythons
  5 giant cockroaches
  6 goblins
  2 hobgoblins (D:3)
  13 jackals
  3 quokkas
  6 bats
  13 frilled lizards
  10 kobolds
  6 rats
121 creatures vanquished.

Vanquished Creatures (others)
  8 plants (D:3)
8 creatures vanquished.

Grand Total: 129 creatures vanquished

Notes
Turn   | Place    | Note
-------+----------+-------------------------------------------
     0 | D:1      | phalm the Ghoul Warper began the quest for the Orb.
     0 | D:1      | Reached XP level 1. HP: 17/17 MP: 2/2
   136 | D:1      | Reached skill level 1 in Armour
   152 | D:1      | Reached XP level 2. HP: 13/25 MP: 3/3
   835 | D:2      | Reached XP level 3. HP: 28/30 MP: 3/5
  1126 | D:2      | Found a faded altar of an unknown god.
  1533 | D:2      | Learned a level 2 spell: Blink
  1731 | D:3      | Reached XP level 4. HP: 34/37 MP: 6/6
  1740 | D:3      | Found a hide-covered altar of Uskayaw.
  1794 | D:3      | Reached XP level 5. HP: 30/45 MP: 7/7
  1967 | D:3      | Found a shadowy altar of Dithmenos.
  3051 | D:4      | Learned a level 2 spell: Swiftness
  3052 | D:4      | Found a stormy altar of Qazlal.
  3056 | D:4      | Noticed a phantom
  3076 | D:4      | Killed a phantom
  3077 | D:4      | Reached XP level 6. HP: 21/51 MP: 8/8
  3464 | D:4      | Noticed a phantom
  3521 | D:4      | Killed a phantom
  3522 | D:4      | Reached skill level 1 in Air Magic
  3522 | D:4      | Reached XP level 7. HP: 36/59 MP: 9/9
  4040 | D:4      | Found a staircase to the Ecumenical Temple.
  4099 | Temple   | Entered the Ecumenical Temple
  4161 | Temple   | Became a worshipper of Warmaster Okawaru
  4653 | D:5      | Entered Level 5 of the Dungeon
  4689 | D:5      | Noticed Eustachio
  4703 | D:5      | Killed Eustachio
  4704 | D:5      | Reached XP level 8. HP: 66/67 MP: 11/11
  4876 | D:5      | Reached * piety under Okawaru
  4877 | D:5      | Reached skill level 5 in Unarmed Combat
  4990 | D:5      | Reached skill level 1 in Invocations
  5297 | D:6      | Got a translucent trident
  5304 | D:6      | Reached skill level 5 in Fighting
  5304 | D:6      | Identified the cursed +0 trident "Comymov" {venom, rN+
                  | Int+4 Dex+4} (You found it on level 6 of the Dungeon)
  5352 | D:6      | Noticed Edmund
  5353 | D:6      | Noticed Blork the orc
  5372 | D:6      | Killed from afar by an orc wizard

Illustrated notes

Levels and vault maps discovered:
D:1:      lemuel_arrival_rhombus, layout_basic, st_stairs_6
D:2:      layout_loops_ring, chequers_ecumenical_altar_simple_redux
D:3:      layout_basic, nicolae_overflow_crystal_walls, lemuel_round_altar,
          serial_forest, infiniplex_forest_straight_3,
          infiniplex_forest_straight_5, infiniplex_forest_clump_double,
          infiniplex_forest_lined_4_way, infiniplex_forest_end_2,
          infiniplex_forest_clump_medium, infiniplex_forest_lined_1,
          infiniplex_forest_clump_medium, infiniplex_forest_end_2
D:4:      wad_river_or_something, layout_loops_corners,
          nicolae_qazlal_eye_of_the_storm, minmay_temple_entry_drinking_statues,
          minmay_quantized
D:5:      layout_basic, amcnicky_mini_pool_small, st_stairs_11, uniq_eustachio
D:6:      layout_basic, uniq_edmund, uniq_blork_the_orc
Temple:   minmay_temple_forest_path

Skill      XL: |  1  2  3  4  5  6  7  8 |
---------------+-------------------------+-----
Armour         | 1 2 |  2.6
Spellcasting   | 2 3 |  3.0
Dodging        | 2 3 |  3.1
Translocations | 3 4 |  4.6
Unarmed Combat | 3 4 5 |  5.1
Fighting       | 3 4 5 |  5.0
Air Magic      | 1 |  1.7
Invocations    | 1 |  1.1
Throwing       | |  0.8

Action                   |  1- 3 |  4- 6 |  7- 9 || total
-------------------------+-------+-------+-------++-------
Melee: Unarmed           |   162 |   195 |   111 ||   468
       Punch             |     1 |     2 |     2 ||     5
       Trident           |       |       |     6 ||     6
Throw: Boomerang         |     5 |       |       ||     5
Evoke: Wand              |       |    15 |       ||    15
  Use: Scroll            |     4 |     3 |     2 ||     9
Armor: Leather armour    |    73 |    65 |    39 ||   177
Dodge: Dodged            |   107 |   103 |    41 ||   251
